 Dungeon Crawl Stone Soup version 0.18-a0-1481-g708b138 (webtiles) character file.

928 Goblin1989 the Cleaver (level 7, 0/45 HPs)
             Began as a Demonspawn Gladiator on Mar 2, 2016.
             Succumbed to an adder's poison
             ... on level 5 of the Dungeon.
             The game lasted 00:08:19 (3899 turns).

Goblin1989 the Cleaver (Demonspawn Gladiator)       Turns: 3899, Time: 00:08:19

Health: 0/45       AC:  7    Str: 18    XL:     7   Next: 85%
Magic:  7/7        EV: 12    Int:  9    God:
Gold:   308        SH:  0    Dex: 13    Spells: 0 memorised, 6 levels left

rFire  + . .     SeeInvis .     a - +0 war axe
rCold  . . .     Gourm    .     l - +0 ring mail
rNeg   . . .     Faith    .     (no shield)
rPois  .         Spirit   .     c - +0 helmet
rElec  .         Dismiss  .     u - +0 cloak
rCorr  .         Reflect  .     (no gloves)
SustAt .         Harm     .     (no boots)
MR     .....                    (no amulet)
Stlth  ..........               (no ring)
                                g - +1 ring of evasion

@: lethally poisoned (0 -> -8), very slightly contaminated, hasted, very quick,
not resistant to hostile enchantments, extremely unstealthy
A: fangs 1, hooves 1, fire resistance 1, frail 1, powered by pain 1, spiny 1
a: no special abilities


You were on level 5 of the Dungeon.
You were hungry.

You visited 1 branch of the dungeon, and saw 5 of its levels.

You collected 308 gold pieces.

Inventory:

Hand Weapons
 a - a +0 war axe (weapon)
Missiles
 d - 2 throwing nets (quivered)
Armour
 c - a +0 helmet (worn)
 l - a +0 ring mail (worn)
 u - a +0 cloak (worn)
Jewellery
 g - a +1 ring of evasion (left hand)
 x - an uncursed ring of positive energy {unknown}
 y - a +3 ring of strength {unknown}
Wands
 q - a wand of polymorph (17/24)
Scrolls
 e - 8 scrolls of identify {unknown}
 m - 3 scrolls of fog {unknown}
 o - a scroll of magic mapping {unknown}
 p - a scroll of recharging {unknown}
 s - a scroll of blinking {unknown}
 v - a scroll of remove curse {unknown}
Potions
 b - a potion of flight
 i - 5 potions of curing {unknown}
 j - a potion of agility
 n - 2 potions of haste
 r - a potion of might
 w - a potion of mutation
 A - a potion of heal wounds {unknown}
Comestibles
 f - 8 bread rations
 h - 3 beef jerkies
 k - 3 meat rations
 t - a slice of pizza


   Skills:
 - Level 2.0 Fighting
 * Level 8.7 Axes
 - Level 1.7 Throwing
 - Level 2.6 Dodging


You had 6 spell levels left.
You didn't know any spells.

Dungeon Overview and Level Annotations

Branches:
Dungeon (5/15)
 Temple: D:4-7

Altars:
Dithmenos
Elyvilon
Fedhas
Ru
Trog
Zin
The Shining One

Annotations:
D:5 Crazy Yiuf, Edmund


Innate Abilities, Weirdness & Mutations

You have large cloven feet.
You sometimes gain a little power by taking damage.
You are partially covered in sharp spines.
You have very sharp teeth.
Your flesh is heat resistant.
You are frail (-10% HP).


Message History

The sentinel's mark upon you fades away.
You feel sick. The adder bites you but does no damage.
Edmund is struck by your spines.
Edmund hits you with a flail of protection.
* * * LOW HITPOINT WARNING * * *
The adder bites you.
* * * LOW HITPOINT WARNING * * *
You are lethally poisoned!
The adder poisons you!
Drink which item? (? for menu, Esc to quit)
It was a potion of haste.
You feel yourself speed up. The adder is struck by your spines.
The adder bites you.
* * * LOW HITPOINT WARNING * * *
You are more poisoned.
The adder poisons you!
You are very lightly contaminated with residual magic.
Drink which item? (? for menu, Esc to quit)
It was a potion of mutation.
You feel extremely strange.
You feel resistant to heat.
You feel frail.
Your teeth lengthen and sharpen.
You die...

#P)......#########.##.##..#
#P...#..#.......#.......##
######..#.......###......#
#....#.....$.# #).###....
###.##.......# #.(### ##
#######.##.......# #..(.# #
#.......##.....c.# #.##.#.#
####.#####....g@.# #.##.#.#
#.# #.##.##@# #......# #.#
##.##.##S# ####.###### #.#
#...c.##.####........#
#.####.o#####......#####.##
#.......#####..###.#
#..#### ######.........# #
#...... #.######### #
#.##... #.. #.#####.##...
#### #>...........


You could see Edmund, a centaur, Crazy Yiuf and an adder.

Vanquished Creatures
  Menkaure (D:5)
  The ghost of Duffy the Sneak, an amateur NaAs (D:4)
  A sky beast (D:5)
  2 ogres
  A scorpion (D:5)
  A hound (D:3)
  2 orc priests (D:3)
  3 orc wizards
  3 worker ants
  A hound skeleton (D:4)
  4 adders
  An ooze (D:1)
  3 worms (D:2)
  3 dart slugs
  2 giant geckos
  14 orcs
  2 ball pythons (D:3)
  11 bats
  2 giant cockroaches
  8 goblins
  9 hobgoblins
  7 jackals
  3 quokkas
  A giant gecko zombie (D:5)
  2 giant newts
  8 kobolds
  4 rats
100 creatures vanquished.

Notes
Turn   | Place    | Note
--------------------------------------------------------------
     0 | D:1      | Goblin1989 the Demonspawn Gladiator began the quest for the Orb.
     0 | D:1      | Reached XP level 1. HP: 16/16 MP: 1/1
    29 | D:1      | Reached skill level 3 in Axes
   328 | D:1      | Gained mutation: You sometimes gain a little power by taking damage. [demonic ancestry]
   328 | D:1      | Reached XP level 2. HP: 19/22 MP: 2/2
   656 | D:1      | Gained mutation: You are partially covered in sharp spines. [demonic ancestry]
   656 | D:1      | Reached XP level 3. HP: 19/27 MP: 3/3
  1007 | D:2      | Reached skill level 4 in Axes
  1048 | D:2      | Found a sacrificial altar of Ru.
  1054 | D:2      | Reached XP level 4. HP: 33/33 MP: 4/4
  1283 | D:2      | Found a glowing silver altar of Zin.
  1283 | D:2      | Found a white marble altar of Elyvilon.
  1283 | D:2      | Found a glowing golden altar of the Shining One.
  1572 | D:3      | Reached skill level 5 in Axes
  1828 | D:3      | Found a faded altar to an unknown god.
  1897 | D:3      | Found a bloodstained altar of Trog.
  1906 | D:3      | Reached XP level 5. HP: 38/38 MP: 5/5
  1918 | D:4      | Noticed Duffy's ghost (amateur NaAs)
  2177 | D:3      | Reached skill level 6 in Axes
  2431 | D:4      | Found a shadowy altar of Dithmenos.
  2479 | D:4      | Gained mutation: You have large cloven feet. [demonic ancestry]
  2479 | D:4      | Reached XP level 6. HP: 31/44 MP: 6/6
  2773 | D:4      | Killed Duffy's ghost
  3146 | D:4      | Reached skill level 7 in Axes
  3258 | D:4      | Reached XP level 7. HP: 50/50 MP: 7/7
  3320 | D:5      | Entered Level 5 of the Dungeon
  3328 | D:5      | Found a blossoming altar of Fedhas.
  3601 | D:5      | Reached skill level 8 in Axes
  3621 | D:5      | Noticed Menkaure
  3628 | D:5      | Killed Menkaure
  3887 | D:5      | Noticed Edmund
  3888 | D:5      | Noticed Crazy Yiuf
  3898 | D:5      | HP: 1/50 [adder (2)]
  3899 | D:5      | Gained mutation: Your flesh is heat resistant. [potion of mutation]
  3899 | D:5      | Gained mutation: You are frail (-10% HP). [potion of mutation]
  3899 | D:5      | Gained mutation: You have very sharp teeth. [potion of mutation]
  3899 | D:5      | Succumbed to an adder's poison

Vault maps used:
D:1:      dpeg_arrival_leaves_temple_mockup
D:2:      good_gods_mini_temple, nicolae_ru_great_annihilating_truth
D:3:      old_standard_altar, ecumenical_altar_2
D:4:      grunt_dithmenos_smoke_and_mirrors
D:5:      led_sif_book, old_standard_altar, nemelex_deck, first_bread,
          lightli_corner_chamber, uniq_menkaure, uniq_crazy_yiuf_cottage,
          uniq_edmund

Skill      XL: |  1  2  3  4  5  6  7 |
---------------+----------------------+-----
Axes           | 3 4 5 6 7 8 |  8.7
Fighting       | |  2.0
Throwing       | |  1.7
Dodging        | |  2.6

Action                   |  1- 3 |  4- 6 |  7- 9 || total
-------------------------+-------+-------+-------++-------
Melee: War axe           |    76 |   110 |    41 ||   227
Throw: Throwing net      |       |     1 |       ||     1
Evoke: Wand              |       |       |     2 ||     2
  Use: Potion            |       |     3 |     2 ||     5
       Scroll            |       |       |     1 ||     1
 Stab: Held in net/web   |       |     1 |       ||     1
  Eat: Chunk             |       |     7 |     2 ||     9
